 Dungeon Crawl Stone Soup version 0.27-a0-650-g8dd3ea4f36 (webtiles) character file.

Game seed: 15278051766706079952

2 rednaxela the Insei (level 1, 0/21 HPs)
             Began as a Naga Monk on Mar 15, 2021.
             Slain by an ooze (4 damage)
             ... on level 1 of the Dungeon.
             The game lasted 00:00:15 (23 turns).

rednaxela the Insei (Naga Monk)                       Turns: 23, Time: 00:00:16

Health: 0/21       AC:  1    Str: 13    XL:     1   Next: 30%
Magic:  1/1        EV: 10    Int: 10    God:
Gold:   0          SH:  0    Dex: 13    Spells: 0/0 levels left

rFire    . . .     SeeInvis +     - Unarmed
rCold    . . .     Faith    .   (no shield)
rNeg     . . .     Spirit   .   a - +0 robe
rPois    +         Reflect  .   (no helmet)
rElec    .         Harm     .   (no cloak)
rCorr    .         Rampage  .   (no gloves)
Will     .....                  (no barding)
Stlth    ++........             (no amulet)
HPRegen  0.07/turn              (no ring)
MPRegen  0.07/turn              (no ring)

@: short of breath, very slow
A: AC +0, large, see invisible, deformed body, poison resistance, slowness 2,
spit poison 1, naga tail 1
a: Spit Poison


You were on level 1 of the Dungeon.
You visited 1 branch of the dungeon, and saw 1 of its levels.

Inventory:

Armour
 a - a +0 robe (worn)


   Skills:
 - Level 3.0 Fighting
 - Level 2.4 Dodging
 - Level 3.0 Stealth
 + Level 3.1 Unarmed Combat


You couldn't memorise any spells.
You didn't know any spells.
Your spell library was empty.

Dungeon Overview and Level Annotations

Branches:
Dungeon (1/15)

Altars:


Innate Abilities, Weirdness & Mutations

Your serpentine skin is tough. (AC +0)
You have supernaturally acute eyesight. (SInv)
Armour fits poorly on your strangely shaped body.
Your system is resistant to poisons. (rPois)
You cover ground very slowly.
You can spit poison.
You have a snake-like lower body.


Message History

Welcome, rednaxela the Naga Monk.
Will you prevail where others failed? Will you find the Orb of Zot?
Press ? for a list of commands and other information.
Found a scroll labelled ULYMMU NAHOKA and 18 gold pieces.
Found a staircase leading out of the dungeon.
You open the door.
There is an open door here.
A goblin comes into view.
The goblin shouts!
Found a pink potion.
A frilled lizard comes into view.
The frilled lizard hisses angrily.
The frilled lizard moves out of view.
You barely miss the goblin. The goblin hits you.
You hit the goblin.
You kill the goblin!
No target in range!
An ooze comes into view.
The ooze moves out of view.
Found a murky silvery potion.
The frilled lizard barely misses you.
You closely miss the frilled lizard. The frilled lizard bites you.
The ooze hits you.
* * * LOW HITPOINT WARNING * * *
You hit the frilled lizard.
You kill the frilled lizard!
The ooze hits you.
* * * LOW HITPOINT WARNING * * *
You hit the ooze.
The ooze is moderately wounded.
The ooze hits you.
* * * LOW HITPOINT WARNING * * *
You hit the ooze.
The ooze is heavily wounded.
You hit the ooze.
The ooze is severely wounded.
The ooze hits you.
* * * LOW HITPOINT WARNING * * *
Press: ? - help, Shift-Dir - straight line, f - ooze
Aim: an ooze (severely wounded)
The splash of poison hits the ooze.
The ooze completely resists.
The ooze is severely wounded.
The ooze hits you.
You die...

... .....# .###
.... ..... .... #
....##l. #.##
##.#.... .....
#....#.####......
#....†@J..!....
#....#.####....!.
####.#.####......
#.#......##.##
#.#.###### #
#.#.#######
#####.#........ #
#......########
... ##≈≈#'.#####


You could see an ooze.

Vanquished Creatures
  A goblin (D:1)
  A frilled lizard (D:1)
2 creatures vanquished.

Notes
Turn   | Place    | Note
-------+----------+-------------------------------------------
     0 | D:1      | rednaxela the Naga Monk began the quest for the Orb.
     0 | D:1      | Reached XP level 1. HP: 21/21 MP: 1/1
    23 | D:1      | Slain by an ooze

Illustrated notes

Levels and vault maps discovered:
D:1:      dpeg_arrival_rooms_with_view, layout_loops_ring, minmay_misc_feat_rows

Action                   || total
-------------------------++-------
Melee: Unarmed           ||     7
 Abil: Spit Poison       ||     1
Dodge: Dodged            ||     1

Table legend: (Time is in decaauts)
 A = Elapsed time spent in this place.
 B = Non-inter-level travel time spent in this place.
 C = Inter-level travel time spent in this place.
 D = Time resting spent in this place.
 E = Time spent auto-exploring this place.
 F = Levels seen in this place.
 G = Mean time per level.
                   A        B        C        D        E       F      G
               +--------+--------+--------+--------+--------+-----+--------+
         Total |     28 |     28 |      0 |      0 |     15 |   1 |   28.0 |
       Dungeon |     28 |     28 |      0 |      0 |     15 |   1 |   28.0 |
               +--------+--------+--------+--------+--------+-----+--------+

Top non-repeatable levels by time:
     D:1: 28 daAuts
